 Dungeon Crawl Stone Soup version 0.18.1-47-g9310371 (webtiles) character file.

276 Peloso the Shield-Bearer (level 6, -9/53 HPs)
             Began as a Minotaur Fighter on June 17, 2016.
             Killed by divine providence
             ... invoked by an orc priest
              (13 damage)
             ... on level 4 of the Dungeon.
             The game lasted 00:07:34 (3082 turns).

Peloso the Shield-Bearer (Minotaur Fighter)         Turns: 3082, Time: 00:07:34

Health: -9/53      AC: 11    Str: 20    XL:     6   Next: 4%
Magic:  5/5        EV:  6    Int:  5    God:
Gold:   220        SH: 10    Dex: 12    Spells: 0 memorised, 5 levels left

rFire  . . .     SeeInvis +     a - +1 long sword
rCold  . . .     Gourm    .     j - +0 chain mail
rNeg   . . .     Faith    .     c - +0 shield
rPois  .         Spirit   .     h - +2 hat
rElec  .         Dismiss  .     (no cloak)
rCorr  .         Reflect  .     (no gloves)
SustAt .         Harm     .     (no boots)
MR     .....                    (no amulet)
Stlth  ..........               (no ring)
                                p - ring of see invisible

@: not resistant to hostile enchantments, extremely unstealthy
A: retaliatory headbutt, horns 2
a: no special abilities


You were on level 4 of the Dungeon.
You were not hungry.

You visited 1 branch of the dungeon, and saw 4 of its levels.
You also visited: Sewer.

You collected 220 gold pieces.

Inventory:

Hand Weapons
 a - a +1 long sword (weapon)
Armour
 b - a +0 scale mail
 c - a +0 shield (worn)
 h - a +2 hat (worn)
 j - a +0 chain mail (worn)
Jewellery
 p - a ring of see invisible (left hand)
Wands
 u - a wand of enslavement (7/24)
Scrolls
 k - a scroll of magic mapping
 n - a scroll of teleportation
 t - a scroll of remove curse
Potions
 d - a potion of might
 e - a potion of ambrosia {unknown}
 l - 2 potions of resistance
 q - 4 potions of flight
 r - a potion of invisibility
Comestibles
 f - 5 bread rations
 g - 4 meat rations
 m - a beef jerky
 o - a chunk of flesh
 s - 2 slices of pizza


   Skills:
 + Level 4.5 Fighting
 + Level 3.4 Long Blades
 + Level 4.9 Armour
 + Level 2.5 Dodging
 + Level 0.1 Stealth
 + Level 5.6 Shields


You had 5 spell levels left.
You didn't know any spells.

Dungeon Overview and Level Annotations

Branches:
Dungeon (4/15)
 Temple: D:4-7

Altars:
Fedhas
Yredelemnul


Innate Abilities, Weirdness & Mutations

You reflexively headbutt those who attack you in melee.
You have a pair of horns on your head.


Message History

Pain shoots through your body!
* * * LOW HITPOINT WARNING * * *
Unknown command.
You closely miss the orc priest.
The orc priest is almost dead.
The orc priest barely misses you. You furiously retaliate!
You headbutt the orc priest!
You kill the orc priest!
You have reached level 6!
Your experience leads to an increase in your attributes!
Increase (S)trength, (I)ntelligence, or (D)exterity?
You feel agile.
The orc priest casts a cantrip, but nothing happens.
You slash the orc!
You kill the orc!
Unknown command.
You barely miss the orc priest. You block the orc priest's attack.
The orc priest invokes the aid of Beogh against you.
Beogh smites you!
You die...

*,,...#..##.........#.
***#........#######.#. #..####..#
#... #..# #..# **#.## #..# ##..#
*_#[# #..###...# **,####
#######........# *,,,#..
#..............#***,,,##.
#.######@###...>.#,,,,,##
****,*****#o#*#...###,,,,,**
*,,,,,,,*#.l....###,,,,8,,,,
*,,,,,,,......###,,,,,,*,,,,
*,,,,,..##..###_,,,,,8***8,,
*,,,...,,....,***,,,,,,*,,,,
*,,,..,,##...,,,***,,,,8,,,,
******,,,.,,,*#.##**,,,***,,,,,**
,,,,,,,,,,,,,,..,,,,,,****,,,,,*


You could see an orc priest and a giant newt.

Vanquished Creatures
  An orc priest (D:4)
  An orc wizard (D:3)
  A worker ant (D:3)
  6 adders
  5 oozes
  5 worms
  4 giant geckos
  5 orcs
  6 giant cockroaches
  6 goblins
  5 hobgoblins
  10 jackals
  5 ball pythons
  12 bats
  4 giant newts
  7 kobolds
  13 rats
  A spectral orc (D:3)
97 creatures vanquished.

Notes
Turn   | Place    | Note
--------------------------------------------------------------
     0 | D:1      | Peloso the Minotaur Fighter began the quest for the Orb.
     0 | D:1      | Reached XP level 1. HP: 19/19 MP: 0/0
   313 | D:1      | Reached XP level 2. HP: 27/27 MP: 1/1
   443 | D:1      | Reached skill level 4 in Shields
  1167 | D:2      | Reached XP level 3. HP: 33/33 MP: 2/2
  1420 | D:2      | Reached skill level 1 in Dodging
  1663 | D:3      | Reached XP level 4. HP: 23/40 MP: 3/3
  1733 | D:3      | Found a glowing drain.
  1828 | Sewer    | Entered a sewer
  1835 | Sewer    | Reached skill level 5 in Shields
  1839 | Sewer    | Reached XP level 5. HP: 30/46 MP: 4/4
  2578 | D:3      | Found a basalt altar of Yredelemnul.
  3040 | D:4      | Found a blossoming altar of Fedhas.
  3080 | D:4      | Reached XP level 6. HP: 4/53 MP: 5/5
  3082 | D:4      | Killed from afar by an orc priest

Skill      XL: |  1  2  3  4  5 |
---------------+----------------+-----
Armour         | 4 |  4.9
Shields        | 4 5 |  5.6
Fighting       | 4 |  4.5
Dodging        | 1 2 |  2.5
Long Blades    | 3 |  3.4
Stealth        | |  0.1

Action                   |  1- 3 |  4- 6 || total
-------------------------+-------+-------++-------
Melee: Long sword        |   114 |   138 ||   252
       Headbutt          |    19 |    16 ||    35
  Use: Scroll            |       |    12 ||    12
  Eat: Chunk             |     3 |     5 ||     8
Armor: Scale mail        |    51 |       ||    51
       Chain mail        |    43 |    88 ||   131
Dodge: Dodged            |    38 |    58 ||    96
Block: Shield            |    67 |    95 ||   162
